 Dungeon Crawl Stone Soup version 0.24-a0-762-gca426f5 (webtiles) character file.

Game seed: 16357836523626949466, levelgen mode: deterministic

8551 robertstho the Grappler (level 11, -5/87 HPs)
             Began as a Troll Monk on Oct 3, 2019.
             Was a Priest of Hepliaklqana.
             Killed from afar by Josephine (31 damage)
             ... with a ghostly fireball
             ... on level 10 of the Dungeon.
             The game lasted 00:12:32 (6292 turns).

robertstho the Grappler (Troll Monk)                Turns: 6292, Time: 00:12:32

Health: -5/87      AC: 11    Str: 21 (23) XL:     11   Next: 11%
Magic:  10/10      EV:  8    Int:  3 (6)  God:    Hepliaklqana [***...]
Gold:   697        SH:  8    Dex: 12 (13) Spells: 10/10 levels left

rFire    . . .     SeeInvis +     - Unarmed
rCold    . . .     Gourm    +   r - +0 shield (curse)
rNeg     . . .     Faith    .   o - +1 acid dragon scales
rPois    .         Spirit   .   (helmet restricted)
rElec    .         Reflect  .   (no cloak)
rCorr    +         Harm     .   (gloves unavailable)
MR       +....                  (boots unavailable)
Stlth    +.........             C - amulet of rage
HPRegen  0.64/turn              c - ring of protection from magic
MPRegen  0.12/turn              u - ring of see invisible

@: slowed, heavily drained, very slow
A: large, unfitting armour, reduced essence, claws 3, fast metabolism 3,
gourmand, regeneration 1, shaggy fur 1, tough skin 3
a: Recall Ancestor, Ancestor Identity, Transference, Renounce Religion, Evoke
Berserk Rage


You were on level 10 of the Dungeon.
You worshipped Hepliaklqana.
Hepliaklqana was most pleased with you.
You were completely stuffed.

You visited 2 branches of the dungeon, and saw 11 of its levels.

You collected 697 gold pieces.

Inventory:

Hand Weapons
 s - a +0 giant spiked club
 E - a +3 quarterstaff of chaos
Missiles
 v - 9 large rocks (quivered)
Armour
 o - +1 acid dragon scales (worn)
 r - a cursed +0 shield (worn)
Jewellery
 c - a ring of protection from magic (left claw)
 u - a ring of see invisible (right claw)
 C - an amulet of rage (around neck)
 F - an uncursed ring of fire
 J - an uncursed ring of positive energy {unknown}
Wands
 z - a wand of paralysis (14)
 A - a wand of enslavement (12)
 H - a wand of clouds (5)
Scrolls
 a - a scroll of magic mapping
 g - 9 scrolls of remove curse
 k - 2 scrolls of teleportation
 m - a scroll of immolation {unknown}
 p - 2 scrolls of fear
 t - 2 scrolls of acquirement {unknown}
 w - 2 scrolls of amnesia {unknown}
 x - 3 scrolls of enchant weapon {unknown}
 y - a scroll of torment {unknown}
 D - 5 scrolls of identify
 G - a scroll of fog {unknown}
Potions
 d - a potion of curing {unknown}
 e - a potion of magic {unknown}
 f - a potion of agility {unknown}
 h - a potion of lignification {unknown}
 i - 2 potions of flight {unknown}
 j - a potion of berserk rage {unknown}
 l - a potion of haste {unknown}
 n - 3 potions of might {unknown}
 q - a potion of degeneration
 I - a potion of mutation {unknown}
Miscellaneous
 B - a phantom mirror
Comestibles
 b - 21 rations
 K - 10 chunks of flesh


   Skills:
 + Level 3.4(1.7) Fighting
 + Level 4.6(2.9) Armour
 * Level 6.2(4.4) Dodging
 + Level 2.5(0.9) Stealth
 + Level 3.0(1.4) Shields
 * Level 13.2(11.1) Unarmed Combat


You had 10 spell levels left.
You didn't know any spells.
Your spell library contained the following spells:

 Spells                   Type           Power        Failure   Level  Hunger
 Corona                   Hex            #......      99%         1    ##.....
 Slow                     Hex            #.......     99%         2    ###....
 Inner Flame              Hex/Fire       #.......     100%        3    ####...
 Portal Projectile        Hex/Tloc       #.....       100%        3    ####...
 Cause Fear               Hex            #.........   100%        4    #####..
 Leda's Liquefaction      Hex/Erth       #.........   100%        4    #####..


Dungeon Overview and Level Annotations

Branches:
Dungeon (10/15)            Temple (1/1) D:5            Lair (0/6) D:9
    Orc: D:9-12

Altars:
Ashenzari
Cheibriados
Dithmenos
Elyvilon
Fedhas
Gozag
Hepliaklqana
Kikubaaqudgha
Makhleb
Nemelex Xobeh
Okawaru
Qazlal
Ru
Sif Muna
Trog
Uskayaw
Vehumet
Wu Jian
Xom
Yredelemnul
Zin
The Shining One

Shops:
D:5 (

Annotations:
D:10 Josephine


Innate Abilities, Weirdness & Mutations

You are too large for most types of armour.
You have claws for hands.
Your metabolism is lightning-fast.
You like to eat raw meat.
Your natural rate of healing is unusually fast.
You are covered in fur. (AC +1)
You have extremely tough skin. (AC +3)
Your life essence is reduced to manifest your ancestor. (-10% HP)


Message History

You claw the wraith!
The wraith is severely damaged.
Josephine gestures at you while chanting.
The ghostly flame explodes!
The ghostly fireball engulfs the wraith.
The wraith completely resists.
The ghostly fireball engulfs you!!
You feel drained. The wraith hits you.
* * * LOW HITPOINT WARNING * * *
The wraith drains your vigour!
You feel yourself slow down.
You hear a shout!
It was a potion of degeneration.
There was something very wrong with that liquid.
You feel weakened.
You feel dopey.
You feel clumsy.
Josephine gestures at you while chanting.
The ghostly flame explodes!
The ghostly fireball engulfs the wraith.
The wraith completely resists.
The ghostly fireball engulfs Libusa.
Libusa completely resists.
The ghostly fireball engulfs you!!
You feel drained.
You die...

........#.# ..
........#.##...
..W........#...
..@...$........
..............
..#........... #.#
#WR....... ... ###.#
#@.....(# .... ....
+.......#
...####.####.......#
#<.#.#..÷.........#
#....#..÷.......)##
#.##...#..÷.......##
#......#'#......###
##########.........#
...÷)....'..........#


You could see the friendly Libusa the hexer, Josephine and 2 wraiths.

Vanquished Creatures
  Harold (D:8)
  2 two-headed ogres
  A cyclops (D:6)
  A komodo dragon (D:9)
  Grinder (D:6)
  A hippogriff (D:8)
  A vampire (D:10)
  2 wraiths (D:10)
  4 yaks (D:9)
  A hungry ghost (D:9)
  Grum (D:10)
  2 orc warriors
  A sky beast (D:9)
  6 ice beasts
  2 phantoms
  An ogre (D:4)
  2 wolves (D:10)
  2 centaurs
  A big kobold (D:7)
  A bullfrog (D:7)
  A scorpion (D:5)
  10 killer bees
  6 wights (D:6)
  3 howler monkeys
  5 crimson imps
  A bullfrog skeleton (D:4)
  4 orc wizards
  A jelly (D:8)
  2 orc priests
  2 hounds
  5 worker ants
  A hound zombie (D:5)
  13 gnolls
  A howler monkey skeleton (D:8)
  2 adders
  A shadow imp (D:5)
  An ooze (D:3)
  A worm (D:2)
  7 dart slugs
  5 leopard geckos
  19 orcs
  4 ball pythons
  9 bats
  4 giant cockroaches
  5 goblins
  7 hobgoblins
  12 jackals
  4 quokkas
  2 frilled lizards
  A giant cockroach zombie (D:5)
  8 kobolds
  A leopard gecko skeleton (D:6)
  A quokka skeleton (D:4)
  A quokka zombie (D:7)
  5 rats
  A fungus (D:7)
  A plant (D:9)
191 creatures vanquished.

Vanquished Creatures (collateral kills)
  A two-headed ogre (D:9)
  Prince Ribbit (D:6)
  A sky beast (D:8)
  A centaur (D:9)
  A wight (D:6)
  Crazy Yiuf (D:7)
  An adder (D:7)
  An orc (D:9)
  A jackal (D:10)
  A quokka (D:6)
10 creatures vanquished.

Vanquished Creatures (others)
  A hexer (D:9)
  A plant (D:9)
2 creatures vanquished.

Grand Total: 203 creatures vanquished

Notes
Turn   | Place    | Note
-------+----------+-------------------------------------------
     0 | D:1      | robertstho the Troll Monk began the quest for the Orb.
     0 | D:1      | Reached XP level 1. HP: 22/22 MP: 0/0
   146 | D:1      | Reached XP level 2. HP: 27/29 MP: 1/1
   445 | D:2      | Reached XP level 3. HP: 36/36 MP: 2/2
   883 | D:3      | Found a white marble altar of Elyvilon.
   897 | D:3      | Reached XP level 4. HP: 44/44 MP: 3/3
   908 | D:3      | Reached skill level 4 in Unarmed Combat
  1151 | D:3      | Reached XP level 5. HP: 33/52 MP: 4/4
  1403 | D:4      | Reached skill level 5 in Unarmed Combat
  1411 | D:4      | Noticed an ogre
  1422 | D:4      | Killed an ogre
  1462 | D:4      | Reached XP level 6. HP: 54/59 MP: 5/5
  1836 | D:4      | Reached skill level 6 in Unarmed Combat
  2098 | D:5      | Entered Level 5 of the Dungeon
  2261 | D:5      | Found an opulent altar of Gozag.
  2284 | D:5      | Reached XP level 7. HP: 61/66 MP: 6/6
  2369 | D:5      | Reached skill level 1 in Armour
  2373 | D:5      | Reached skill level 7 in Unarmed Combat
  2408 | D:5      | Found Rujutwy's Weapon Boutique.
  2473 | D:5      | Found a staircase to the Ecumenical Temple.
  2486 | Temple   | Entered the Ecumenical Temple
  2579 | Temple   | Became a worshipper of Hepliaklqana the Forgotten
  2579 | Temple   | Reached * piety under Hepliaklqana
  2579 | Temple   | Reached ** piety under Hepliaklqana
  2580 | Temple   | Remembered your ancestor Libusa as a hexer
  2909 | D:6      | Reached skill level 8 in Unarmed Combat
  3061 | D:6      | Reached XP level 8. HP: 65/66 MP: 7/7
  3069 | D:6      | Noticed Grinder
  3071 | D:6      | Noticed Prince Ribbit
  3076 | D:6      | Killed Grinder
  3086 | D:6      | Killed Prince Ribbit
  3086 | D:6      | Reached skill level 9 in Unarmed Combat
  3331 | D:6      | Noticed a cyclops
  3331 | D:6      | Noticed a two-headed ogre
  3340 | D:6      | Killed a two-headed ogre
  3340 | D:6      | Reached skill level 10 in Unarmed Combat
  3340 | D:6      | Reached XP level 9. HP: 40/72 MP: 8/8
  3350 | D:6      | Killed a cyclops
  4052 | D:7      | Reached skill level 5 in Dodging
  4052 | D:7      | Reached skill level 11 in Unarmed Combat
  4118 | D:7      | Reached skill level 1 in Shields
  4544 | D:7      | Found a runed translucent door.
  4545 | D:7      | Noticed Crazy Yiuf
  4553 | D:7      | Killed Crazy Yiuf
  4669 | D:8      | Noticed a two-headed ogre
  4679 | D:8      | Killed a two-headed ogre
  4679 | D:8      | Reached XP level 10. HP: 59/81 MP: 9/9
  4764 | D:8      | Reached *** piety under Hepliaklqana
  4893 | D:8      | Reached skill level 12 in Unarmed Combat
  5144 | D:8      | Noticed Harold
  5159 | D:8      | Killed Harold
  5673 | D:9      | Noticed a two-headed ogre
  5681 | D:9      | Killed a two-headed ogre
  5845 | D:9      | Reached skill level 13 in Unarmed Combat
  5895 | D:9      | Found a staircase to the Lair.
  6175 | D:9      | Reached XP level 11. HP: 82/87 MP: 10/10
  6203 | D:10     | Entered Level 10 of the Dungeon
  6204 | D:10     | Noticed Grum
  6214 | D:10     | Killed Grum
  6289 | D:10     | Noticed Josephine
  6292 | D:10     | Killed from afar by Josephine

Levels and vault maps discovered:
D:1:      minmay_arrival_stair_chambers, layout_basic
D:2:      layout_rooms, grunt_ministairs_14
D:3:      layout_rooms, overflow_temple_1_default
D:4:      minmay_evil_eye, layout_cave_pods, first_ration,
          kennysheep_generic_room_12
D:5:      layout_gridville, minmay_temple_entry_drinking_statues, serial_shops,
          shop, nicolae_gozag_cash_rules_everything_around_me
D:6:      kennysheep_big_flooded_room, layout_basic, uniq_grinder,
          uniq_prince_ribbit1
D:7:      layout_loops_ring, uniq_crazy_yiuf_cottage
D:8:      layout_loops_ring, hangedman_decor_lopped, uniq_harold
D:9:      layout_irregular_city, david_lair_shrubbed
D:10:     layout_basic, orc_0_dummy, hangedman_fish_farm, uniq_grum,
          uniq_joseph, uniq_josephine
Temple:   dpeg_three_leaves_temple

Skill      XL: |  1  2  3  4  5  6  7  8  9 10 11 |
---------------+----------------------------------+-----
Dodging        | 3 4 5 6 |  6.2
Unarmed Combat | 4 5 6 8 10 11 13 | 13.2
Armour         | 2 3 4 |  4.6
Fighting       | 3 |  3.4
Stealth        | 2 |  2.5
Shields        | 1 2 3 |  3.0

Action                   |  1- 3 |  4- 6 |  7- 9 | 10-12 || total
-------------------------+-------+-------+-------+-------++-------
Melee: Unarmed           |    80 |   135 |   231 |   161 ||   607
       Punch             |     1 |     1 |     5 |       ||     7
Invok: Ancestor Life: He |       |       |     1 |       ||     1
  Use: Scroll            |     6 |     2 |     1 |       ||     9
       Potion            |       |       |     1 |     1 ||     2
 Stab: Sleeping          |     3 |       |     2 |       ||     5
       Distracted        |       |       |     3 |     1 ||     4
       Confused          |       |       |       |     4 ||     4
  Eat: Chunk             |    13 |    13 |    22 |    18 ||    66
Armor: Robe              |    28 |       |       |       ||    28
       Acid dragon scale |     4 |    75 |    62 |    63 ||   204
Dodge: Dodged            |    46 |    84 |    80 |    71 ||   281
Block: Shield            |       |       |    33 |    85 ||   118

Table legend:
 A = Non-vault XP
 B = Vault XP
 C = Vault XP percentage of total XP
 D = Non-vault monster count
 E = Vault monster count
 F = Vault count percentage of total count
                 A         B        C        D         E       F
            +---------+---------+-------+---------+---------+-------
      Total |    7876 |    4341 |  35.5 |     181 |      18 |   9.0
            +---------+---------+-------+---------+---------+-------
        D:1 |      39 |       0 |   0.0 |      17 |       0 |   0.0
        D:2 |      31 |       4 |  11.4 |      14 |       2 |  12.5
        D:3 |     139 |       0 |   0.0 |      28 |       0 |   0.0
        D:4 |     172 |     161 |  48.3 |       8 |       4 |  33.3
        D:5 |     570 |       0 |   0.0 |      22 |       0 |   0.0
        D:6 |    1037 |    1968 |  65.5 |      24 |       4 |  14.3
        D:7 |     936 |      39 |   4.0 |      27 |       1 |   3.6
        D:8 |    2017 |     987 |  32.9 |      16 |       1 |   5.9
        D:9 |    2697 |     372 |  12.1 |      19 |       1 |   5.0
       D:10 |     238 |     810 |  77.3 |       6 |       5 |  45.5
            +---------+---------+-------+---------+---------+-------
